Map: Green Acres

Players

A.I. 1 (Hard)

  • Race: Zerg Zerg
  • Spawn Location: 1:00

larsgj - Winner!

  • Race: Protoss Protoss
  • Spawn Location: 9:00

VOD

Have the link to the VOD?

Description

Time

  • Played on: May 19, 2022, 9:14 a.m.
  • Length: 27:09
Show
View Real Time Build Order
Export as new Build Order

A.I. 1 (Hard) Zerg 

Build Orders: 1 Base Baneling Bust, Pool First, Zergling Baneling 

Get SALT Encoding   

  12  0:00  Drone  
  13  0:12  Overlord  
  13  0:17  Drone  
  14  0:30  Drone  
  14  0:31  Drone  
  16  0:44  Spawning Pool  
  16  0:45  Drone  
  16  0:49  Drone  
  17  0:52  Extractor  
  17  0:55  Drone  
  17  1:05  Overlord  
  17  1:30  Queen  
  17  1:31  Zergling x2  
  20  1:35  Zergling x2  
  20  1:37  Roach Warren  
  20  1:38  Drone  
  21  1:42  Extractor  
  20  1:49  Drone  
  21  1:55  Baneling Nest  
  21  1:59  Drone  
  21  2:10  Drone  
  22  2:21  Zergling x2  
  23  2:31  Drone  
  23  2:37  Overlord, Zergling x2  
  24  2:41  Baneling, Zergling x2  
  24  2:42  Baneling  
  26  2:46  Zergling x2  
  26  2:50  Baneling x2  
  27  2:54  Drone  
  28  3:05  Zergling x2  
  29  3:09  Overlord, Zergling x2  
  30  3:13  Zergling x2  
  30  3:17  Zergling x2  
  32  3:27  Zergling x2  
  32  3:31  Baneling  
  33  3:36  Baneling  
  33  3:38  Zergling x2  
  34  3:42  Zergling x2, Baneling  
  34  3:46  Baneling  
  34  3:47  Zergling x2, Baneling  
  36  3:51  Zergling x2  
  36  3:52  Evolution Chamber  
  36  3:55  Zergling x2  
  37  4:02  Drone  
  38  4:13  Drone  
  38  4:14  Overlord, Drone  
  40  4:24  Drone  
  41  4:34  Drone  
  41  4:44  Drone  
  42  4:46  Drone  
  43  6:06  Roach, Overlord, Metabolic Boost  
  43  6:07  Zerg Melee Weapons Level 1  
  43  6:08  Burrow  
  43  6:09  Evolution Chamber  
  43  6:10  Drone  
  45  6:16  Roach  
  45  6:18  Hatchery  
  46  6:19  Drone  
  46  6:25  Roach  
  49  6:35  Roach, Zerg Ground Armor Level 1  
  49  6:37  Overlord  
  51  6:44  Roach  
  52  6:53  Roach  
  54  7:01  Overlord  
  54  7:03  Roach  
  56  7:12  Roach  
  58  7:20  Lair  
  58  7:21  Roach  
  58  7:22  Overlord  
  60  7:31  Roach, Drone  
  60  7:32  Drone  
  60  7:34  Drone  
  60  7:35  Drone  
  66  7:40  Drone  
  66  7:43  Drone  
  69  7:51  Drone  
  69  7:53  Drone  
  69  7:55  Drone  
  69  7:56  Drone  
  69  7:58  Drone  
  73  8:02  Zerg Missile Weapons Level 1, Drone  
  73  8:05  Drone  
  76  8:12  Drone, Spore Crawler  
  76  8:16  Drone  
  76  8:19  Overseer  
  76  8:20  Centrifugal Hooks, Overseer  
  76  8:22  Hydralisk Den  
  76  8:23  Drone  
  76  8:24  Spore Crawler  
  76  8:26  Drone, Spore Crawler  
  75  8:28  Spore Crawler  
  75  8:30  Overlord  
  75  8:32  Drone  
  75  8:34  Drone  
  76  8:35  Drone  
  76  8:41  Drone  
  78  8:44  Queen  
  78  8:45  Drone  
  81  8:51  Drone, Spine Crawler  
  82  8:55  Drone  
  82  8:56  Spine Crawler  
  82  8:57  Hydralisk  
  82  8:59  Overlord  
  82  9:00  Drone  
  84  9:05  Spine Crawler  
  84  9:06  Drone  
  84  9:07  Hydralisk  
  86  9:10  Spine Crawler  
  86  9:14  Drone  
  86  9:15  Queen  
  88  9:17  Hydralisk  
  88  9:20  Infestation Pit  
  89  9:26  Spire, Hydralisk  
  90  9:51  Extractor  
  89  9:53  Drone  
  89  9:54  Extractor  
  89  9:55  Drone  
  90  10:01  Overlord x2, Overseer  
  90  10:17  Drone  
  90  10:18  Drone  
  92  10:40  Infestor, Pneumatized Carapace  
  92  10:41  Overseer, Zerg Melee Weapons Level 2  
  94  10:45  Infestor  
  94  10:46  Hatchery  
  95  10:50  Infestor  
  95  10:52  Zerg Ground Armor Level 2  
  91  11:21  Pathogen Glands  
  91  11:30  Glial Reconstitution  
  91  11:40  Zerg Flyer Weapons Level 1  
  91  11:59  Drone, Queen  
  91  12:01  Drone  
  95  12:02  Drone  
  95  12:03  Extractor  
  95  12:04  Drone  
  95  12:05  Drone  
  95  12:07  Drone, Spore Crawler  
  95  12:08  Drone  
  98  12:09  Drone  
  98  12:10  Spore Crawler  
  98  12:11  Drone  
  98  12:12  Drone  
  98  12:13  Extractor  
  98  12:14  Drone  
  98  12:15  Drone, Spore Crawler  
  100  12:17  Drone  
  100  12:18  Drone  
  100  12:20  Drone  
  100  12:21  Drone  
  104  12:23  Drone  
  104  12:24  Drone  
  104  12:25  Drone  
  104  12:27  Overlord, Drone  
  104  12:28  Drone  
  109  12:30  Drone  
  109  12:35  Spine Crawler  
  109  12:36  Drone  
  110  12:37  Spine Crawler  
  110  12:38  Drone, Hive  
  110  12:57  Zerg Missile Weapons Level 2  
  110  13:34  Zerg Flyer Armor Level 1  
  110  13:51  Ultralisk Cavern  
  110  13:52  Drone  
  110  14:03  Overlord  
  110  14:15  Zerg Melee Weapons Level 3  
  110  14:22  Overlord  
  109  14:34  Overseer  
  109  14:39  Ultralisk  
  109  14:41  Overlord  
  121  14:45  Ultralisk  
  121  14:49  Chitinous Plating  
  121  14:52  Ultralisk  
  127  14:55  Tunneling Claws  
  127  14:58  Ultralisk  
  133  15:01  Overlord  
  133  15:05  Ultralisk  
  139  15:11  Ultralisk  
  139  15:13  Zerg Ground Armor Level 3  
  145  15:19  Hydralisk  
  145  15:20  Overlord  
  147  15:26  Hydralisk  
  147  15:28  Zerg Flyer Weapons Level 2  
  149  15:33  Hatchery  
  148  15:38  Overlord  
  148  16:19  Overlord  
  148  16:22  Overseer  
  148  16:46  Drone, Queen  
  151  16:53  Zerg Missile Weapons Level 3  
  151  17:00  Extractor, Drone  
  151  17:03  Drone, Spore Crawler  
  151  17:04  Spore Crawler  
  151  17:05  Extractor, Drone  
  151  17:07  Drone  
  151  17:28  Spine Crawler  
  151  17:29  Drone  
  151  17:30  Spine Crawler  
  151  17:31  Drone  
  151  17:39  Roach, Overlord  
  151  17:41  Roach  
  151  17:42  Overseer  
  151  17:43  Zerg Flyer Armor Level 2  
  151  17:44  Roach  
  157  17:46  Roach  
  157  17:48  Roach  
  157  17:50  Roach  
  163  17:52  Hydralisk  
  163  17:54  Hydralisk  
  167  17:58  Overlord  
  165  18:11  Roach  
  159  18:13  Hydralisk  
  159  18:16  Infestor  
  159  18:18  Hydralisk, Overlord  
  146  18:20  Hydralisk  
  146  18:22  Hydralisk  
  146  18:24  Hydralisk  
  146  18:26  Hydralisk  
  149  18:29  Infestor  
  149  18:32  Roach  
  149  18:34  Roach  
  157  18:36  Roach  
  157  18:38  Roach  
  161  19:59  Zerg Flyer Weapons Level 3  
  161  20:47  Mutalisk  
  161  20:48  Overlord, Viper  
  161  20:49  Viper  
  169  20:52  Hatchery, Mutalisk  
  169  20:56  Mutalisk  
  157  21:00  Mutalisk  
  150  21:04  Roach  
  150  21:05  Mutalisk  
  150  21:06  Overseer  
  150  21:08  Overlord  
  150  21:09  Mutalisk  
  154  21:13  Queen, Mutalisk  
  154  21:18  Extractor, Mutalisk  
  151  21:19  Ultralisk  
  151  21:21  Queen, Spine Crawler  
  151  21:22  Mutalisk  
  151  21:25  Spine Crawler  
  149  21:27  Hydralisk  
  149  21:30  Extractor, Roach, Drone  
  149  21:31  Hydralisk, Viper x2  
  147  21:34  Drone  
  147  21:35  Overlord  
  147  21:36  Hydralisk  
  147  21:39  Drone, Spine Crawler  
  138  21:40  Hydralisk, Drone  
  138  21:41  Extractor  
  138  21:42  Drone  
  138  21:43  Drone  
  138  21:44  Hydralisk, Spore Crawler  
  138  21:45  Drone  
  137  21:47  Drone  
  137  21:49  Hydralisk  
  137  21:50  Spine Crawler  
  137  21:52  Drone  
  136  21:54  Zergling x2, Spore Crawler  
  136  21:56  Drone  
  136  21:57  Overlord, Spore Crawler  
  136  21:58  Zergling x2  
  136  22:01  Hatchery, Zergling x2  
  129  22:02  Drone  
  129  22:04  Drone  
  129  22:05  Zergling x2  
  129  22:06  Drone  
  129  22:07  Queen  
  129  22:08  Drone  
  120  22:09  Zergling x2  
  120  22:10  Drone  
  120  22:11  Drone  
  120  22:13  Drone  
  120  22:14  Drone  
  119  22:16  Drone, Zergling x2  
  119  22:17  Drone  
  119  22:18  Drone  
  119  22:19  Extractor  
  119  22:20  Hydralisk, Drone  
  119  22:21  Drone  
  122  22:23  Drone  
  122  22:25  Drone, Mutalisk  
  122  22:26  Drone  
  122  22:28  Drone  
  122  22:29  Drone, Mutalisk  
  117  22:30  Drone  
  117  22:32  Drone, Viper, Hatchery  
  117  22:33  Zergling x2  
  117  22:34  Drone, Viper  
  117  22:35  Drone  
  116  22:37  Drone, Zergling x2  
  116  22:40  Zergling x2  
  116  22:45  Zergling x2  
  116  22:47  Drone  
  116  22:48  Zergling x2  
  116  22:51  Drone  
  112  22:52  Roach, Drone  
  112  22:56  Zergling x2  
  112  22:57  Drone  
  104  22:59  Queen, Drone  
  104  23:00  Zergling x2  
  104  23:01  Drone  
  104  23:04  Roach  
  106  23:07  Zergling x2  
  106  23:09  Drone  
  106  23:11  Zergling x2  
  97  23:13  Queen  
  97  23:17  Zergling x2, Spore Crawler  
  97  23:19  Drone  
  92  23:20  Drone  
  92  23:21  Zergling x2  
  92  23:22  Drone  
  92  23:25  Roach  
  93  23:29  Roach, Drone  
  93  23:30  Drone  
  93  23:32  Drone  
  93  23:33  Roach  
  84  23:36  Roach, Overseer  
  84  23:40  Mutalisk  
  83  23:42  Viper  
  83  23:44  Roach  
  83  23:47  Overseer  
  83  23:48  Roach  
  80  23:49  Drone  
  80  23:51  Mutalisk  
  80  23:52  Drone  
  80  23:53  Drone  
  70  23:56  Roach, Drone  
  70  23:58  Drone  
  70  23:59  Mutalisk  
  70  24:00  Overseer  
  71  24:03  Overlord  
  71  24:04  Mutalisk  
  71  24:05  Overseer  
  71  24:08  Mutalisk  
  69  24:12  Mutalisk  
  61  24:17  Mutalisk  
  61  24:21  Overlord  
  61  24:23  Mutalisk  
  60  24:26  Overseer  
  60  24:29  Overlord  
  52  24:39  Overlord  
  52  24:42  Overlord  
  42  24:53  Overlord  
  42  24:55  Overlord  
  42  24:57  Queen  
  40  25:14  Overlord  
  39  25:33  Overlord  
  29  25:57  Overlord  
  14  26:16  Overlord  
  9  26:35  Overlord  
  7  26:40  Hatchery  
  7  26:43  Drone  
  7  26:46  Drone  
  6  26:48  Hatchery  
  6  26:51  Hatchery  
  6  26:52  Drone  
  6  26:53  Drone  
  6  26:55  Drone  
  6  26:56  Drone  
Show
View Real Time Build Order
Export as new Build Order

larsgj Protoss - Winner!

Build Orders: Carriers 

Get SALT Encoding   

  12  0:02  Probe  
  13  0:14  Probe  
  14  0:26  Probe  
  14  0:28  Pylon  
  15  1:03  Pylon  
  15  1:10  Forge  
  15  1:22  Gateway  
  15  1:24  Probe  
  16  1:36  Probe  
  17  1:48  Probe, Pylon  
  17  1:51  Pylon  
  18  1:59  Photon Cannon  
  18  2:00  Probe  
  18  2:01  Photon Cannon  
  19  2:12  Probe, Assimilator  
  20  2:16  Assimilator  
  20  2:24  Probe  
  21  2:36  Probe  
  22  2:44  Nexus  
  22  2:49  Probe  
  23  2:54  Photon Cannon  
  23  3:00  Photon Cannon  
  23  3:29  Probe  
  23  3:32  Zealot  
  26  3:41  Probe  
  26  3:42  Photon Cannon  
  27  3:52  Photon Cannon  
  27  4:00  Zealot  
  29  4:05  Pylon  
  29  4:11  Pylon  
  29  4:20  Photon Cannon  
  29  4:24  Photon Cannon  
  29  4:27  Zealot  
  29  4:30  Probe  
  32  4:38  Assimilator  
  32  4:42  Probe  
  33  4:46  Photon Cannon  
  33  4:54  Zealot  
  33  4:55  Probe, Photon Cannon  
  36  5:06  Protoss Ground Weapons Level 1  
  36  5:29  Pylon  
  36  5:34  Pylon  
  36  5:41  Pylon  
  36  5:54  Cybernetics Core  
  36  6:02  Photon Cannon  
  36  6:10  Probe  
  37  6:22  Probe  
  38  6:34  Probe  
  38  6:38  Assimilator  
  39  6:46  Nexus  
  39  6:51  Zealot  
  41  7:15  Protoss Ground Armor Level 1  
  41  7:18  Zealot  
  41  7:20  Photon Cannon  
  43  7:26  Photon Cannon  
  43  7:37  Photon Cannon  
  43  8:00  Protoss Air Weapons Level 1  
  43  8:06  Pylon  
  43  8:13  Photon Cannon  
  43  8:15  Photon Cannon  
  43  8:19  Photon Cannon  
  43  8:32  Probe  
  44  8:37  Assimilator  
  44  8:44  Probe  
  45  8:55  Stargate  
  45  8:56  Probe  
  45  9:00  Stargate  
  46  9:07  Stargate  
  46  9:08  Probe  
  47  9:20  Photon Cannon  
  47  9:23  Protoss Shields Level 1  
  47  9:25  Photon Cannon  
  47  9:33  Pylon  
  47  9:37  Assimilator  
  47  9:50  Pylon  
  47  9:53  Pylon  
  47  9:59  Pylon  
  47  10:08  Pylon  
  47  10:16  Photon Cannon  
  47  10:19  Photon Cannon  
  47  10:27  Probe, Photon Cannon  
  48  10:39  Probe  
  49  10:51  Probe  
  50  11:03  Probe  
  51  11:10  Fleet Beacon  
  51  11:16  Probe  
  52  11:25  Stargate  
  52  11:28  Probe  
  52  11:31  Stargate  
  53  11:39  Stargate  
  53  12:00  Protoss Air Armor Level 1  
  53  12:18  Carrier  
  53  12:21  Carrier  
  65  12:56  Carrier  
  77  12:58  Carrier  
  77  13:44  Carrier  
  89  14:11  Protoss Air Weapons Level 2  
  89  14:24  Shield Battery  
  89  14:30  Shield Battery  
  89  14:36  Shield Battery  
  89  14:50  Twilight Council  
  83  15:03  Stargate  
  83  15:11  Carrier  
  83  15:12  Carrier  
  101  15:33  Carrier  
  101  15:36  Photon Cannon  
  101  15:42  Photon Cannon  
  101  16:07  Charge  
  101  16:48  Robotics Facility  
  101  16:53  Templar Archives  
  101  16:57  Dark Shrine  
  101  17:06  Protoss Air Armor Level 2  
  101  17:33  Pylon  
  101  17:37  Pylon  
  101  17:42  Pylon  
  101  17:49  Pylon  
  101  17:52  Carrier x2  
  101  17:54  Carrier  
  119  18:00  Photon Cannon  
  118  19:13  Carrier  
  118  19:14  Protoss Ground Weapons Level 2, Carrier  
  130  19:27  Photon Cannon  
  130  19:31  Photon Cannon  
  130  19:44  Protoss Air Weapons Level 3  
  130  19:46  Photon Cannon  
  130  19:55  Photon Cannon  
  130  20:09  Photon Cannon  
  130  20:11  Photon Cannon  
  130  20:13  Photon Cannon  
  130  20:32  Pylon  
  130  20:36  Pylon  
  130  20:42  Pylon  
  130  21:48  Protoss Ground Armor Level 2  
  130  21:58  Pylon  
  130  22:17  Photon Cannon  
  130  22:20  Photon Cannon  
  130  22:21  Photon Cannon  
  130  22:25  Photon Cannon x2  
  130  22:29  Photon Cannon  
  130  23:18  Pylon  
  130  23:47  Photon Cannon  
  130  23:49  Photon Cannon, Protoss Air Armor Level 3  
  130  23:50  Photon Cannon  
  130  23:53  Photon Cannon  
  130  23:56  Photon Cannon  
  130  23:58  Photon Cannon  
  130  24:03  Photon Cannon x2  
  130  24:07  Photon Cannon  
  130  24:13  Photon Cannon  
  130  24:21  Protoss Shields Level 2  
  130  24:25  Pylon  
  130  24:44  Pylon  
  130  25:03  Photon Cannon  
  130  25:04  Photon Cannon  
  130  25:06  Photon Cannon  
  130  25:08  Photon Cannon  
  130  25:18  Photon Cannon  
  130  25:19  Photon Cannon  
  130  25:20  Photon Cannon  
  130  25:21  Photon Cannon  
  130  25:24  Photon Cannon  
  130  25:26  Photon Cannon  
Tags
 
Add a new tag
Caveats
  • Supply blocks, unpowered buildings, or Contaminate may cause inaccurate times.
  • Supply counts are checked every 10 seconds.